 Dungeon Crawl Stone Soup version 0.29.1-2-gbd0b4ee654 (webtiles) character file.

Game seed: 10863538270910100727

1309 TheSquidPope the Slasher (level 8, 0/61 HPs)
             Began as a Human Fighter on Sept 10, 2022.
             Was a Follower of Uskayaw.
             Slain by an orc
             ... wielding a +0 hand axe
              (4 damage)
             ... on level 6 of the Dungeon on Oct 29, 2022.
             The game lasted 01:52:20 (6194 turns).

TheSquidPope the Slasher (Human Fighter)            Turns: 6194, Time: 01:52:20

Health: 0/61       AC: 12    Str: 18    XL:     8   Next: 88%
Magic:  8/8        EV: 10    Int:  8    God:    Uskayaw [*.....]
Gold:   102        SH:  5    Dex: 14    Spells: 7/7 levels left

rFire   + + .      SeeInvis .   S - +3 short sword (vamp)
rCold   . . .      Faith    .   c - +0 buckler
rNeg    . . .      Spirit   .   C - +3 scale mail {rF+}
rPois   .          Reflect  .   u - +0 helmet
rElec   .          Harm     .   K - +0 cloak
rCorr   .          Rampage  .   (no gloves)
Will    .....                   (no boots)
Stlth   ..........              (no amulet)
HPRegen 0.20/turn               k - ring of protection from fire
MPRegen 0.11/turn               (no ring)

@: on berserk cooldown, slowed, very slow
A: no striking features
a: Renounce Religion, Stomp


You were on level 6 of the Dungeon.
You worshipped Uskayaw.
Uskayaw was noncommittal.
You visited 1 branch of the dungeon, and saw 6 of its levels.

You collected 166 gold pieces.
You spent 64 gold pieces at shops.

Inventory:

Hand Weapons
 a - a +0 long sword
 d - a +0 spear
 e - a +0 sling
 f - a +0 short sword
 g - a +0 dagger
 i - a +0 dagger
 j - a +0 great mace
 m - a +0 dagger
 p - a +0 whip
 s - a +0 falchion
 t - a +0 trident
 v - a +0 shortbow
 B - a +1 flail of protection
 Q - a +0 dagger of venom
 R - a +1 hand axe of flaming
 S - a +3 vampiric short sword (weapon)
Missiles
 q - 24 stones (quivered)
 I - 4 poisoned darts
Armour
 b - a +0 scale mail
 c - a +0 buckler (worn)
 r - a +1 pair of gloves of infusion
 u - a +0 helmet (worn)
 A - a +0 chain mail
 C - a +3 scale mail of fire resistance (worn)
 G - a +2 robe of positive energy
 K - a +0 cloak (worn)
Jewellery
 k - a ring of protection from fire (left hand)
Wands
 o - a wand of paralysis (1)
 L - a wand of quicksilver (4)
Scrolls
 n - 2 scrolls of fog
 w - a scroll of fear
 x - 3 scrolls of poison {unknown}
 y - a scroll of enchant weapon {unknown}
 z - a scroll of amnesia {unknown}
 H - a scroll of magic mapping {unknown}
 J - a scroll of blinking {unknown}
 M - a scroll of brand weapon
 N - a scroll of vulnerability {unknown}
 T - 2 scrolls of identify
Potions
 h - 4 potions of attraction
 l - a potion of mutation
 D - 2 potions of berserk rage
 E - a potion of lignification
 O - a potion of might
 P - a potion of flight


   Skills:
 + Level 4.6 Fighting
 + Level 1.8(4.6) Short Blades
 + Level 6.7(6.9) Long Blades
 + Level 5.4 Armour
 + Level 2.8 Dodging
 + Level 1.2 Stealth
 + Level 4.0 Shields
 + Level 0.6 Evocations


You had 7 spell levels left.
You didn't know any spells.
Your spell library contained the following spells:

 Spells                   Type           Power      Damage    Failure   Level
 Magic Dart               Conj           0%         1d3       86%         1
 Call Imp                 Summ           0%         N/A       94%         2
 Ensorcelled Hibernation  Hex/Ice        0%         N/A       94%         2
 Mephitic Cloud           Conj/Pois/Air  0%         N/A       99%         3
 Spider Form              Tmut/Pois      0%         N/A       99%         3
 Anguish                  Hex/Necr       0%         N/A       100%        4
 Summon Forest            Summ/Tloc      0%         N/A       100%        5
 Summon Mana Viper        Hex/Summ       0%         N/A       100%        5
 Summon Cactus Giant      Summ           0%         N/A       100%        6


Dungeon Overview and Level Annotations

Branches:
Dungeon (6/15)             Temple (0/1) D:6

Altars:
Dithmenos
Gozag
Kikubaaqudgha
Makhleb
Trog
Uskayaw
Vehumet
Zin

Shops:
D:5 *   D:6 ?


Message History

An orc comes into view. It is wielding a +0 hand axe.
The orc priest looks braver for a moment.
The orc priest calls down the wrath of Beogh upon you.
Beogh smites you!
The orc priest calls down the wrath of Beogh upon you.
Beogh smites you!
* * * LOW HITPOINT WARNING * * *
You hear an angry hiss.
You are too injured to fight recklessly!
Okay, then.
As you read the scroll labelled JUIT MOIST, it crumbles to dust.
You assume a fearsome visage.
The orc priest easily resists.
The orc looks frightened! x2; It was a scroll of fear.
You can no longer pass through a line of other dancers.
You are too injured to fight recklessly!
As you read the scroll labelled XETUTUA XOHINA, it crumbles to dust.
It is a scroll of brand weapon.
Your +3 short sword thirsts for the lives of mortals!
S - a +3 vampiric short sword (weapon)
The orc priest hits you but does no damage.
A white imp comes into view.
The orc priest calls down the wrath of Beogh upon you.
Beogh smites you!
* * * LOW HITPOINT WARNING * * *
You hear an angry hiss.
You feel better.
An iguana comes into view.
The orc priest hits you but does no damage.
Cornered, the orc turns to fight!
You hit the orc priest.
The orc priest is moderately wounded.
The orc priest hits you but does no damage.
The orc closely misses you.
The orc priest invokes the aid of Beogh against you.
Pain shoots through your body!
* * * LOW HITPOINT WARNING * * *
You hit the orc priest.
The orc priest is heavily wounded.
The orc hits you with a +0 hand axe.
You die...

....................##.####
...........................
).......o..................
...........................
...........................
...........................
.........#####.............
.........#...#.............
...o....lo@o_#.............
).......5#...#.............
.........##### ...........
.......... .. ........... .
............ .............
.?......######


You could see an iguana, an orc priest, a white imp and 2 orcs.

Vanquished Creatures
  Sigmund (D:3)
  An ice beast (D:5)
  2 phantoms
  A bullfrog (D:5)
  A necrophage (D:5)
  3 scorpions (D:5)
  3 hounds
  A jelly (D:5)
  2 orc priests
  Ijyb (D:3)
  5 iguanas
  3 orc wizards
  Terence (D:3)
  Robin (D:2)
  6 adders
  A shadow imp (D:5)
  A worm (D:2)
  4 dart slugs
  12 orcs
  4 bats
  5 endoplasms
  8 giant cockroaches
  16 goblins
  10 hobgoblins
  4 jackals (D:2)
  3 quokkas
  7 ball pythons
  4 frilled lizards
  10 kobolds
  6 rats
127 creatures vanquished.

Notes
Turn   | Place    | Note
-------+----------+-------------------------------------------
     0 | D:1      | TheSquidPope the Human Fighter began the quest for the Orb.
     0 | D:1      | Reached XP level 1. HP: 18/18 MP: 1/1
   142 | D:1      | Reached XP level 2. HP: 24/24 MP: 2/2
   414 | D:1      | Reached XP level 3. HP: 25/29 MP: 3/3
   753 | D:2      | Found a faded altar of an unknown god.
   884 | D:2      | Reached XP level 4. HP: 32/35 MP: 0/4
  1230 | D:2      | Noticed Robin
  1248 | D:2      | Reached skill level 3 in Long Blades
  1257 | D:2      | Killed Robin
  1334 | D:2      | Found a bloodstained altar of Trog.
  1513 | D:2      | Reached XP level 5. HP: 41/41 MP: 2/5
  2040 | D:3      | Noticed Terence
  2088 | D:3      | Killed Terence
  2089 | D:3      | Reached skill level 4 in Long Blades
  2375 | D:3      | Noticed Sigmund
  2377 | D:3      | Killed Sigmund
  2378 | D:3      | Reached skill level 1 in Dodging
  2378 | D:3      | Reached XP level 6. HP: 48/48 MP: 4/6
  2432 | D:3      | Noticed Ijyb
  2449 | D:3      | Killed Ijyb
  2752 | D:4      | Reached XP level 7. HP: 52/53 MP: 4/7
  3015 | D:4      | Reached skill level 5 in Long Blades
  3125 | D:4      | Noticed a steam dragon
  3188 | D:4      | Found a bloodstained altar of Trog.
  3195 | D:4      | Found an ancient bone altar of Kikubaaqudgha.
  3195 | D:4      | Found a radiant altar of Vehumet.
  3198 | D:4      | Found a glowing silver altar of Zin.
  3200 | D:4      | Found a burning altar of Makhleb.
  3624 | D:5      | Entered Level 5 of the Dungeon
  3767 | D:5      | Reached XP level 8. HP: 32/60 MP: 0/8
  3914 | D:5      | Found Zoto's Assorted Antiques.
  3926 | D:5      | Bought a scroll of identify for 64 gold pieces
  3977 | D:5      | Reached skill level 5 in Armour
  4178 | D:5      | Reached skill level 1 in Stealth
  4438 | D:5      | Reached skill level 6 in Long Blades
  4547 | D:5      | Found an opulent altar of Gozag.
  5832 | D:5      | Upgraded the game from 0.29.0-13-gc9e81de378 to
                  | 0.29.1-2-gbd0b4ee654
  5893 | D:6      | Found Caraal's Magic Scroll Boutique.
  5935 | D:6      | Found a hide-covered altar of Uskayaw.
  5953 | D:6      | Became a worshipper of Uskayaw the Reveller
  5986 | D:6      | Found a staircase to the Ecumenical Temple.
  6032 | D:6      | Reached * piety under Uskayaw
  6035 | D:6      | Reached skill level 1 in Short Blades
  6057 | D:6      | Found a shadowy altar of Dithmenos.
  6067 | D:6      | Reached ** piety under Uskayaw
  6073 | D:6      | Reached *** piety under Uskayaw
  6193 | D:6      | HP: 3/61 [orc priest/nerve-wracking pain (9)]
  6194 | D:6      | Slain by an orc

Illustrated notes

Levels and vault maps discovered:
D:1:      amcnicky_arrival_blooded_trapdoor, layout_loops_ring
D:2:      layout_loops_ring, basic_altar,
          chequers_ecumenical_altar_simple_redux, uniq_robin
D:3:      layout_basic, dk_vineyard_3, chequers_serial_rivers_marsh,
          hangedman_abyss_or_decor_lesser_grid, uniq_ijyb, uniq_sigmund,
          uniq_terence
D:4:      layout_basic, minitemple
D:5:      layout_layer_cave, marbit_many_paths, serial_shops,
          nicolae_shop_advertising_works [nicolae_subvault_shop_adworks]
D:6:      layout_layer_cave, grunt_dithmenos_shadows,
          mainiacjoe_overflow_surrounded_room, nicolae_overflow_squiral,
          minmay_temple_entry_slanted, serial_shops, nicolae_take_the_stairs

Skill      XL: |  1  2  3  4  5  6  7  8 |
---------------+-------------------------+-----
Long Blades    | 3 4 5 6 |  6.7
Armour         | 4 5 |  5.4
Dodging        | 1 2 |  2.8
Fighting       | 4 |  4.6
Stealth        | 1 |  1.2
Shields        | 4 |  4.0
Short Blades   | 1 |  1.8
Evocations     | |  0.6

Action                   |  1- 3 |  4- 6 |  7- 9 || total
-------------------------+-------+-------+-------++-------
Melee: Long sword        |   103 |   100 |   156 ||   359
       Short sword       |       |       |    61 ||    61
 Fire: Sling             |     2 |       |       ||     2
Throw: Dart              |       |     2 |       ||     2
Invok: Stomp             |       |       |     2 ||     2
Evoke: Wand              |       |     4 |     2 ||     6
  Use: Potion            |       |     1 |     3 ||     4
       Scroll            |       |     5 |     4 ||     9
Armor: Scale mail        |    35 |    33 |    90 ||   158
       Chain mail        |       |     7 |       ||     7
       Skin              |       |       |     1 ||     1
Dodge: Dodged            |    32 |    38 |    78 ||   148
Block: Buckler           |    29 |    25 |    45 ||    99
